 Dungeon Crawl Stone Soup version 0.30-a0-860-g512cf1e979 (webtiles) character file.

Game seed: 12533881221831427052

807 Corto the Digger (level 7, -4/38 HPs)
             Began as a Gargoyle Earth Elementalist on Mar 8, 2023.
             Slain by a scorpion (6 damage)
             ... on level 6 of the Dungeon.
             The game lasted 00:07:35 (3490 turns).

Corto the Digger (Gargoyle Earth Elementalist)      Turns: 3490, Time: 00:07:36

Health: -4/38      AC:  6    Str: 12    XL:     7   Next: 92%
Magic:  12/22      EV: 12    Int: 17    God:
Gold:   200        SH:  0    Dex: 10    Spells: 11/15 levels left

rFire   + . .      SeeInvis .    l - +0 quarterstaff
rCold   . . .      Faith    .    (shield currently unavailable)
rNeg    + . .      Spirit   .    a - +0 robe
rPois   ∞          Reflect  .    (no helmet)
rElec   +          Rampage  .    (no cloak)
rCorr   .                        (no gloves)
Will    .....                    (no boots)
Stlth   ++                       (no amulet)
HPRegen 0.26/turn                f - ring of protection from fire
MPRegen 0.18/turn                o - ring of magical power

@: no status effects
A: sickness immunity, AC +4, negative energy resistance 1, electricity
resistance, torment resistance 1, petrification resistance
a: no special abilities


You were on level 6 of the Dungeon.
You visited 1 branch of the dungeon, and saw 6 of its levels.

You collected 200 gold pieces.

Inventory:

Hand Weapons
 l - a +0 quarterstaff (weapon)
 z - a +0 flail
Armour
 a - a +0 robe (worn)
Magical Staves
 H - a staff of poison
Jewellery
 f - a ring of protection from fire (left hand)
 o - a ring of magical power (right hand)
 B - a +6 ring of strength
 F - a ring of resist corrosion
Wands
 G - a wand of digging (3)
Scrolls
 j - a scroll of immolation {unknown}
 p - 3 scrolls of amnesia {unknown}
 q - 2 scrolls of teleportation {unknown}
 t - a scroll of enchant armour {unknown}
 v - a scroll of noise {unknown}
 w - a scroll of vulnerability {unknown}
 x - a scroll of magic mapping {unknown}
 y - a scroll of silence {unknown}
 D - a scroll of identify {unknown}
 E - a scroll of enchant weapon {unknown}
Potions
 b - a potion of magic
 c - a potion of resistance {unknown}
 d - 2 potions of berserk rage {unknown}
 e - 3 potions of curing {unknown}
 g - 2 potions of heal wounds {unknown}
 h - a potion of mutation {unknown}
 i - 2 potions of brilliance {unknown}
 k - a potion of attraction {unknown}
 m - a potion of ambrosia {unknown}
 n - 2 potions of flight {unknown}
 r - a potion of haste {unknown}
 s - a potion of might {unknown}
 u - 2 potions of lignification {unknown}
 A - a potion of cancellation {unknown}
 C - 3 potions of degeneration {unknown}


   Skills:
 + Level 1.4 Fighting
 + Level 1.3 Maces & Flails
 + Level 1.6 Armour
 + Level 2.0 Dodging
 - Level 2.1 Stealth
 + Level 4.5 Spellcasting
 + Level 4.2 Conjurations
 - Level 0.7 Transmutations
 + Level 6.5 Earth Magic
 + Level 1.3 Evocations


You had 11 spell levels left.
You knew the following spells:

 Your Spells              Type           Power      Damage    Failure   Level
a - Sandblast             Erth           52%        2d12      1%          1
b - Stone Arrow           Conj/Erth      44%        3d9       4%          3

Your spell library contained the following spells:

 Spells                   Type           Power      Damage    Failure   Level
 Passwall                 Tmut/Erth      13%        N/A       4%          2
 Foxfire                  Conj/Fire      40%        2x1d6     6%          1
 Apportation              Tloc           6%         N/A       16%         1
 Necrotise                Necr           12%        1d4       16%         1
 Summon Small Mammal      Summ           12%        N/A       16%         1
 Petrify                  Tmut/Erth      16%        N/A       32%         4
 Summon Guardian Golem    Hex/Summ       3%         N/A       41%         3
 Iskenderun's Battlesphe  Conj           18%        2d7       58%         5
 Fireball                 Conj/Fire      5%         3d5       87%         5
 Conjure Ball Lightning   Conj/Air       5%         3x3d6     100%        6
 Starburst                Conj/Fire      5%         6d4       100%        6
 Orb of Destruction       Conj           9%         9d6       100%        7
 Spellforged Servitor     Conj/Summ      5%         N/A       100%        7


Dungeon Overview and Level Annotations

Branches:
Dungeon (6/15)
 Temple: D:4-7

Altars:
Fedhas
Wu Jian


Innate Abilities, Weirdness & Mutations

You are immune to sickness and miasma.
Your stone body is resilient. (AC +4)
You are immune to poison.
You resist negative energy. (rN+)
You are resistant to electric shocks. (rElec)
You are resistant to unholy torment.
You are immune to petrification.


Message History

The adder barely misses you. The phantom misses you. The adder bites you.
The phantom closely misses you.
Casting: Sandblast (safe; 1% risk of failure)
Confirm with . or Enter, or press ? or * to list all spells.
The blast of sand hits the phantom!
The phantom is moderately damaged.
The adder bites you. The phantom hits you.
* * * LOW HITPOINT WARNING * * *
The adder bites you but does no damage.
Casting: Sandblast (safe; 1% risk of failure)
Confirm with . or Enter, or press ? or * to list all spells.
The blast of sand misses the phantom.
The phantom hits you but does no damage.
The adder barely misses you. The phantom barely misses you.
Casting: Sandblast (safe; 1% risk of failure)
Confirm with . or Enter, or press ? or * to list all spells.
The blast of sand hits the phantom.
The phantom is moderately damaged.
The adder barely misses you. The adder completely misses you.
The phantom hits you.
* * * LOW HITPOINT WARNING * * *
The phantom blinks!
You blink.
There is a stone staircase leading down here.
The phantom hits you.
* * * LOW HITPOINT WARNING * * *
You climb downwards.
There is a stone staircase leading up here.
Casting: Sandblast (safe; 1% risk of failure)
Confirm with . or Enter, or press ? or * to list all spells.
The blast of sand misses the phantom.
The orc wizard shouts!
You hear a shout!
The phantom hits you.
* * * LOW HITPOINT WARNING * * *
The phantom blinks!
You blink.
A white imp, an orc, a scorpion and a sleepcap come into view.
The phantom hits you.
* * * LOW HITPOINT WARNING * * *
The white imp shouts!
The scorpion attacks as you move away! The scorpion stings you.
You die... ███ • ██ ••█ •f • ••█ •••██•█•██ █ ••••█••█•█ █/s••••█ █••@█ •█ ••••••W••█•█ • •█•█•██o••o█ •• █ ••█5o██ ••• • █••••••█•••• •••█••█•••••• █••••██••█•• •█•ζ<••██• █•███•?•█

You could see a phantom, a sleepcap (wandering), a scorpion, an orc wizard, a white imp and 2 orcs.

Vanquished Creatures
  Grinder (D:3)
  An ice beast (D:5)
  A black bear (D:4)
  A hound (D:4)
  2 orc priests
  2 iguanas
  3 orc wizards (D:4)
  15 adders
  4 worms (D:2)
  2 dart slugs
  11 orcs
  4 bats
  7 endoplasms
  A giant cockroach (D:1)
  11 hobgoblins
  2 kobolds
  2 quokkas
  10 ball pythons
  6 frilled lizards
  6 goblins
  2 rats
94 creatures vanquished.

Notes
Turn   | Place    | Note
-------+----------+-------------------------------------------
     0 | D:1      | Corto the Gargoyle Earth Elementalist began the quest for
                  | the Orb.
     0 | D:1      | Reached XP level 1. HP: 10/10 MP: 3/3
    86 | D:1      | Reached XP level 2. HP: 15/15 MP: 1/5
   137 | D:1      | Reached skill level 4 in Earth Magic
   807 | D:2      | Reached XP level 3. HP: 19/19 MP: 2/7
   811 | D:2      | Learned a level 3 spell: Stone Arrow
   929 | D:2      | Reached skill level 1 in Conjurations
  1153 | D:2      | Reached XP level 4. HP: 17/24 MP: 8/8
  1565 | D:3      | Reached skill level 5 in Earth Magic
  1619 | D:3      | Reached XP level 5. HP: 26/28 MP: 9/9
  1832 | D:3      | Noticed Grinder
  1839 | D:3      | Found a blossoming altar of Fedhas.
  1851 | D:3      | Killed Grinder
  1852 | D:3      | Reached skill level 6 in Earth Magic
  1852 | D:3      | Reached XP level 6. HP: 19/32 MP: 12/12
  2113 | D:3      | Found an ornate altar of the Wu Jian Council.
  2437 | D:4      | Reached XP level 7. HP: 27/36 MP: 13/13
  3020 | D:4      | Reached skill level 1 in Armour
  3033 | D:4      | Reached skill level 1 in Fighting
  3034 | D:4      | Reached skill level 1 in Maces & Flails
  3309 | D:5      | Entered Level 5 of the Dungeon
  3315 | D:5      | Reached skill level 1 in Evocations
  3490 | D:6      | Slain by a scorpion

Illustrated notes

Levels and vault maps discovered:
D:1:      eino_arrival_water_star, layout_basic
D:2:      layout_basic, chequers_serial_rivers_micro_c
D:3:      layout_rooms, mainiacjoe_overflow_cross_hatched,
          mainiacjoe_overflow_six_doors_small, chequers_serial_rivers_micro_a,
          uniq_grinder
D:4:      layout_cave_pods
D:5:      layout_cave_pools, dk_rats_in_the_wall
D:6:      layout_basic, minmay_temple_entry_ruins, serial_shops,
          nicolae_stop_n_shop_2, uniq_maggie

Skill      XL: |  1  2  3  4  5  6  7 |
---------------+----------------------+-----
Earth Magic    | 4 5 6 |  6.5
Conjurations   | 1 2 3 4 |  4.2
Spellcasting   | 3 4 |  4.5
Armour         | 1 |  1.6
Fighting       | 1 |  1.4
Maces & Flails | 1 |  1.3
Evocations     | 1 |  1.3
Dodging        | 2 |  2.0
Stealth        | |  2.1
Transmutations | |  0.7

Action                     |  1- 3 |  4- 6 |  7- 9 || total
---------------------------+-------+-------+-------++-------
  Melee: Unarmed           |     1 |       |       ||     1
         Quarterstaff      |       |     2 |       ||     2
   Cast: Sandblast         |    48 |    78 |    56 ||   182
 Armour: Robe              |     2 |    24 |    14 ||    40
  Dodge: Dodged            |     2 |    35 |    31 ||    68

Table legend: (Time is in decaauts)
 A = Elapsed time spent in this place.
 B = Non-inter-level travel time spent in this place.
 C = Inter-level travel time spent in this place.
 D = Time resting spent in this place.
 E = Time spent auto-exploring this place.
 F = Levels seen in this place.
 G = Mean time per level.
                   A        B        C        D        E       F      G
               +--------+--------+--------+--------+--------+-----+--------+
         Total |   3581 |   3478 |    103 |     76 |   2821 |   6 |  596.8 |
       Dungeon |   3581 |   3478 |    103 |     76 |   2821 |   6 |  596.8 |
               +--------+--------+--------+--------+--------+-----+--------+

Top non-repeatable levels by time:
     D:4: 1009 daAuts
     D:2: 804 daAuts
     D:1: 787 daAuts
     D:3: 786 daAuts
     D:5: 190 daAuts
     D:6: 2 daAuts
